 Dungeon Crawl Stone Soup version 0.31-a0-188-g5e087ee2ca (webtiles) character file.

Game seed: 618883666221311481

6134 qw the Skirmisher (level 10, -1/60 HPs)
             Began as a Deep Elf Hunter on June 23, 2023.
             Was a Believer of Okawaru.
             Slain by a basilisk (6 damage)
             ... on level 1 of the Lair of Beasts.
             The game lasted 00:03:15 (7642 turns).

qw the Skirmisher (Deep Elf Hunter)                 Turns: 7642, Time: 00:03:16

Health: -1/60      AC: 15    Str: 10    XL:     10   Next: 59%
Magic:  14/15      EV: 20    Int: 15    God:    Okawaru [**....]
Gold:   459        SH:  5    Dex: 18    Spells: 9/9 levels left

rFire   . . .        p - +1 shortbow (heavy)
rCold   . . .        (shield currently unavailable)
rNeg    . . .        e - +0 acid dragon scales
rPois   +            l - +0 helmet
rElec   .            r - +0 cloak {rPois}
rCorr   +            (no gloves)
SInv    .            (no boots)
Will    ++...        a - amulet of reflection
Stlth   +++          h - ring of willpower
HPRegen 0.30/turn    c - +4 ring of protection
MPRegen 0.14/turn

%: reflection
@: about to teleport, heroic
A: weak 1, MP-powered wands
a: Renounce Religion, Heroism


You were on level 1 of the Lair of Beasts.
You worshipped Okawaru.
Okawaru was pleased with you.
You visited 3 branches of the dungeon, and saw 10 of its levels.

You collected 488 gold pieces.
You spent 29 gold pieces at shops.


Innate Abilities, Weirdness & Mutations

You are weak. (Str -2)
You expend magic power (3 MP) to strengthen your wands.


   Skills:
 + Level 6.2(11.2) Fighting
 - Level 14.0(19.0) Ranged Weapons
 - Level 3.5(8.5) Armour
 - Level 10.1(15.1) Dodging
 - Level 1.2(6.2) Stealth
 - Level 4.1 Invocations


You had 9 spell levels left.
You didn't know any spells.
Your spell library was empty.

Inventory:

Hand Weapons
 p - a +1 heavy shortbow (weapon)
Armour
 e - +0 acid dragon scales (worn)
 l - a +0 helmet (worn)
 r - a +0 cloak of poison resistance (worn)
Jewellery
 a - an amulet of reflection (around neck)
 c - a +4 ring of protection (right hand)
 g - a ring of fire
 h - a ring of willpower (left hand)
 j - a ring of fire
 m - a ring of resist corrosion
Scrolls
 f - 2 scrolls of identify
Potions
 b - a potion of enlightenment
 d - a potion of cancellation
 i - a potion of haste
 k - 2 potions of mutation
 o - a potion of lignification {unknown}
 q - 3 potions of curing

Dungeon Overview and Level Annotations

Branches:
Dungeon (8/15)             Temple (1/1) D:7            Lair (1/5) D:8

Altars:
Ashenzari
Cheibriados
Dithmenos
Elyvilon
Gozag
Hepliaklqana
Kikubaaqudgha
Nemelex Xobeh
Okawaru
Ru
Sif Muna
Trog
Uskayaw
Vehumet
Wu Jian
Xom
Yredelemnul
Zin
The Shining One

Shops:
D:2 *   D:3 ===([   D:4 :

Annotations:
D:2 exclusion: gnoll
D:7 2 transporters, qw's ghost, amateur DEHu
D:8 4 transporters
Lair:1 1 transporter


Message History

The wolf bites you but does no damage.
A wolf comes into view.
7635 ||| INVOKING Heroism.
You gain the combat prowess of a mighty hero.
The wolf bites you. The wolf misses you.
A komodo dragon comes into view.
The wolf closely misses you.
You shoot an arrow. The arrow closely misses the wolf.
The wolf howls!
You hear a howl!
The wolf completely misses you.
A wolf comes into view.
The wolf bites you. The wolf completely misses you.
You block the wolf's attack.
You shoot an arrow. The arrow closely misses the wolf.
The wolf completely misses you. The wolf misses you.
You block the wolf's attack.
A basilisk comes into view.
You shoot an arrow. The arrow hits the wolf.
The wolf is almost dead.
The wolf completely misses you. The wolf misses you.
You block the wolf's attack. The wolf closely misses you. The wolf misses you.
The wolf bites you. The wolf bites you but does no damage.
You shoot an arrow. The arrow hits the wolf!
You kill the wolf!
Okawaru accepts your kill. You block the wolf's attack. The wolf misses you.
The wolf closely misses you. x2
The wolf completely misses you. x2
You shoot an arrow. The arrow hits the wolf.
The wolf is severely wounded.
The wolf completely misses you. You block the wolf's attack.
The wolf misses you. The komodo dragon barely misses you.
You shoot an arrow. The arrow closely misses the wolf.
The wolf bites you but does no damage. x2; The wolf bites you.
The komodo dragon bites you!!
7642 ||| READING scroll of teleportation.
As you read the scroll of teleportation, it crumbles to dust.
You feel strangely unstable. The wolf closely misses you.
You block the wolf's attack. The basilisk bites you.
You die...

#..#.##
#..##..P#..##
#.#.#.##
#..##..##...
#..###.###......##.
#. #.## ##.#..##...#
##.###.###.###......
##.#.## #.# .......#
##.## #.# #...P.#.#
#..##.#.###....## .
#h@l............#
#lh####........#.
#.h# #.. #..# #...
##.# ..# #..


You could see a komodo dragon, a basilisk and 3 wolves.

Vanquished Creatures
  A boulder beetle (Lair:1)
  An oklob plant (Lair:1)
  2 cane toads
  Maggie (D:7)
  A hornet (D:8)
  Sigmund (D:5)
  3 wyverns (Lair:1)
  2 steam dragons
  2 basilisks (Lair:1)
  2 water moccasins (D:8)
  Duvessa (D:5)
  A sky beast (D:7)
  3 ice beasts
  An orc warrior (D:8)
  3 black bears
  A centaur (D:6)
  2 wolves (Lair:1)
  Blork the orc (D:4)
  5 bullfrogs
  2 gnoll sergeants
  2 scorpions (D:7)
  Dowan (D:5)
  2 jellies
  A gnoll bouda (D:7)
  6 orc priests
  5 hounds
  3 iguanas
  6 orc wizards
  Ijyb (D:5)
  15 gnolls
  6 adders
  2 shadow imps
  A white imp (D:8)
  An ufetubus (D:6)
  2 worms
  3 dart slugs
  29 orcs
  5 bats
  4 endoplasms
  6 giant cockroaches
  8 goblins
  13 hobgoblins
  4 jackals (D:3)
  4 quokkas
  10 ball pythons
  A frilled lizard (D:3)
  10 kobolds
  6 rats
193 creatures vanquished.

Vanquished Creatures (others)
  An orc (D:8)
1 creature vanquished.

Grand Total: 194 creatures vanquished

Notes
Turn   | Place    | Note
-------+----------+-------------------------------------------
     0 | D:1      | qw the Deep Elf Hunter began the quest for the Orb.
     0 | D:1      | Reached XP level 1. HP: 12/12 MP: 3/3
     0 | D:1      | 0 ||| qw: Version: 0.3-a-9-g12657ce
     0 | D:1      | 0 ||| qw: Game counter: 3712
     0 | D:1      | 0 ||| qw: Always use a shield: true
     0 | D:1      | 0 ||| qw: God list: Okawaru
     0 | D:1      | 0 ||| qw: Allow faded altars: false
     0 | D:1      | 0 ||| qw: Do Orc after D:15 true
     0 | D:1      | 0 ||| qw: Do second Lair branch before Depths: true
     0 | D:1      | 0 ||| qw: Lair rune preference: random
     0 | D:1      | 0 ||| qw: Plans: Normal
     0 | D:1      | 0 ||| PLANNING D:1-11
    63 | D:1      | 63 ||| FLEEEEING.
    66 | D:1      | 66 ||| FLEEEEING.
   172 | D:1      | 172 ||| FLEEEEING.
   182 | D:1      | Reached skill level 6 in Ranged Weapons
   182 | D:1      | Reached XP level 2. HP: 16/16 MP: 4/4
   524 | D:1      | 524 ||| UPGRADING to amulet of regeneration.
   529 | D:1      | 529 ||| READING scroll labelled XEUQAN FUECUPU.
   530 | D:1      | 530 ||| READING 2 scrolls labelled ICSUEH XYWEUCK.
   531 | D:1      | 531 ||| READING scroll labelled GISETU ZUNGIPO.
   532 | D:1      | 532 ||| READING scroll labelled RIOVOS GISE.
   533 | D:1      | 533 ||| DROPPING scroll of butterflies.
   616 | D:2      | Found Jeseuxoq's Assorted Antiques.
   623 | D:2      | 623 ||| SHOPLISTING pair of boots (130 gold, have 42).
   623 | D:2      | 623 ||| SHOPLISTING ring mail (116 gold, have 42).
   623 | D:2      | 623 ||| BUYING scroll labelled KOTYEF XAPLAPS (29 gold).
   623 | D:2      | Bought a scroll labelled KOTYEF XAPLAPS for 29 gold pieces
   623 | D:2      | 623 ||| SHOPLISTING scroll of identify (58 gold, have 13).
   710 | D:2      | Reached XP level 3. HP: 20/20 MP: 5/5
   719 | D:2      | Found a shimmering blue altar of Sif Muna.
   835 | D:2      | Reached skill level 7 in Ranged Weapons
  1215 | D:2      | 1215 ||| Stepping ~*~*~tactically~*~*~ (outnumbered).
  1217 | D:2      | 1217 ||| Stepping ~*~*~tactically~*~*~ (outnumbered).
  1219 | D:2      | 1219 ||| Stepping ~*~*~tactically~*~*~ (outnumbered).
  1225 | D:2      | 1225 ||| READING scroll labelled KOTYEF XAPLAPS.
  1311 | D:2      | 1311 ||| READING scroll labelled LARRI RIJYISTA.
  1312 | D:2      | 1312 ||| DRINKING 2 fizzy inky potions.
  1312 | D:2      | Gained mutation: You are weak. (Str -2) [potion of
                  | mutation]
  1312 | D:2      | Gained mutation: You expend magic power (3 MP) to
                  | strengthen your wands. [potion of mutation]
  1506 | D:3      | Found Liumoet's Antique Armour Boutique.
  1513 | D:3      | 1513 ||| SHOPLISTING cloak (130 gold, have 24).
  1513 | D:3      | 1513 ||| SHOPLISTING glowing scale mail (203 gold, have
                  | 24).
  1513 | D:3      | 1513 ||| SHOPLISTING ring mail (116 gold, have 24).
  1513 | D:3      | 1513 ||| SHOPLISTING runed ring mail (203 gold, have 24).
  1561 | D:3      | Found a broken altar of Ashenzari.
  1625 | D:3      | Found Xusuloext's Antique Weapon Shop.
  1625 | D:3      | Found Kugoafaham's Jewellery Shoppe.
  1629 | D:3      | 1629 ||| SHOPLISTING runed sling (130 gold, have 77).
  1632 | D:3      | 1632 ||| SHOPLISTING amulet of faith (560 gold, have 77).
  1632 | D:3      | 1632 ||| SHOPLISTING ring of ice (350 gold, have 77).
  1632 | D:3      | 1632 ||| SHOPLISTING ring of positive energy (280 gold,
                  | have 77).
  1632 | D:3      | 1632 ||| SHOPLISTING ring of protection from fire (350
                  | gold, have 77).
  1632 | D:3      | 1632 ||| SHOPLISTING ring of the Grand God {Contam rElec
                  | rC+ Will+ AC+4} (798 gold, have 77).
  1659 | D:3      | Reached XP level 4. HP: 25/25 MP: 6/6
  1850 | D:3      | Found Roenkia's Jewellery Shop.
  1862 | D:3      | 1862 ||| SHOPLISTING +4 ring of protection (432 gold, have
                  | 114).
  1862 | D:3      | 1862 ||| SHOPLISTING +4 ring of slaying (936 gold, have
                  | 114).
  1862 | D:3      | 1862 ||| SHOPLISTING +5 ring of evasion (432 gold, have
                  | 114).
  1862 | D:3      | 1862 ||| SHOPLISTING +6 ring of dexterity (432 gold, have
                  | 114).
  1862 | D:3      | 1862 ||| SHOPLISTING ring "Wice" {rF++ SInv} (474 gold,
                  | have 114).
  1862 | D:3      | 1862 ||| SHOPLISTING ring of Free Expression {rC+ rN+ EV+5
                  | Dex+2} (700 gold, have 114).
  1862 | D:3      | 1862 ||| SHOPLISTING ring of Sunlight {*Corrode Str+6
                  | Dex+6} (600 gold, have 114).
  1862 | D:3      | 1862 ||| SHOPLISTING ring of positive energy (240 gold,
                  | have 114).
  1862 | D:3      | Found a sacrificial altar of Ru.
  1883 | D:3      | HP: 2/25 [iguana (8)]
  1885 | D:3      | Reached skill level 8 in Ranged Weapons
  2010 | D:3      | HP: 4/25 [something (3)]
  2017 | D:3      | HP: 6/25 [something (3)]
  2025 | D:3      | HP: 6/25 [something (3)]
  2027 | D:3      | Reached XP level 5. HP: 8/29 MP: 7/7
  2095 | D:3      | Found Juhi Yvuy's Jewellery Shop.
  2099 | D:3      | 2099 ||| SHOPLISTING +4 ring of protection (360 gold, have
                  | 125).
  2099 | D:3      | 2099 ||| SHOPLISTING amulet of faith (400 gold, have 125).
  2158 | D:3      | Noticed a +0 short sword
  2159 | D:3      | Noticed a +0 dagger
  2159 | D:3      | Noticed a +0 dagger
  2160 | D:3      | Noticed a +0 spear
  2160 | D:3      | Noticed a +0 falchion
  2160 | D:3      | Noticed a +0 falchion
  2160 | D:3      | Noticed a +0 short sword
  2160 | D:3      | Noticed a +0 spear
  2174 | D:3      | Found a hide-covered altar of Uskayaw.
  2203 | D:3      | 2203 ||| UPGRADING to +0 scale mail.
  2213 | D:3      | 2213 ||| DROPPING +0 leather armour.
  2214 | D:3      | 2214 ||| UPGRADING to amulet of reflection.
  2224 | D:3      | 2224 ||| DROPPING amulet of regeneration.
  2225 | D:3      | 2225 ||| DROPPING ring of magical power.
  2226 | D:3      | 2226 ||| READING scroll labelled AMOROM RASA.
  2227 | D:3      | 2227 ||| READING scroll labelled XYDWEMNOMOU.
  2228 | D:3      | 2228 ||| DRINKING 2 emerald potions.
  2229 | D:3      | 2229 ||| DROPPING potion of invisibility.
  2281 | D:4      | Found a white marble altar of Elyvilon.
  2342 | D:4      | Noticed Blork the orc
  2351 | D:4      | Killed Blork the orc
  2352 | D:4      | Reached skill level 9 in Ranged Weapons
  2425 | D:4      | HP: 5/30 [gnoll/+0 whip (5)]
  2539 | D:4      | Reached XP level 6. HP: 23/35 MP: 8/8
  2764 | D:4      | Reached skill level 1 in Armour
  2966 | D:4      | Reached skill level 10 in Ranged Weapons
  3020 | D:4      | Found a shimmering altar of Xom.
  3256 | D:4      | Found Huodwuv's Book Emporium.
  3421 | D:4      | 3421 ||| UPGRADING to +0 ring mail.
  3431 | D:4      | 3431 ||| DROPPING +0 scale mail.
  3432 | D:4      | 3432 ||| DRINKING 2 murky puce potions.
  3433 | D:4      | 3433 ||| DRINKING 3 silvery potions.
  3434 | D:4      | 3434 ||| READING 2 scrolls of identify.
  3434 | D:4      | 3434 ||| IDENTIFYING fuming inky potion
  3460 | D:5      | Entered Level 5 of the Dungeon
  3484 | D:5      | Noticed Duvessa
  3487 | D:5      | Noticed Dowan
  3488 | D:5      | Reached skill level 3 in Dodging
  3488 | D:5      | Reached XP level 7. HP: 40/40 MP: 9/9
  3488 | D:5      | Noticed Ijyb
  3492 | D:5      | Killed Duvessa
  3496 | D:5      | 3496 ||| DRINKING potion of curing.
  3496 | D:5      | 3496 ||| (to cure confusion)
  3497 | D:5      | Killed Ijyb
  3507 | D:5      | Killed Dowan
  3508 | D:5      | Reached skill level 11 in Ranged Weapons
  3635 | D:5      | HP: 6/40 [iguana (10)]
  3636 | D:5      | 3636 ||| DRINKING 3 potions of heal wounds.
  3639 | D:5      | 3639 ||| DRINKING 2 potions of heal wounds.
  3641 | D:5      | HP: 10/40 [gnoll sergeant/+0 trident (7)]
  3642 | D:5      | 3642 ||| DRINKING potion of heal wounds.
  3768 | D:5      | Noticed Sigmund
  3775 | D:5      | Killed Sigmund
  3776 | D:5      | Reached skill level 12 in Ranged Weapons
  3776 | D:5      | Reached XP level 8. HP: 39/44 MP: 10/10
  4075 | D:5      | 4075 ||| UPGRADING to +0 helmet.
  4080 | D:5      | 4080 ||| UPGRADING to ring of resist corrosion.
  4081 | D:5      | 4081 ||| READING 2 scrolls labelled ZENEG WEXKERY.
  4182 | D:5      | 4182 ||| DROPPING scroll of silence.
  4265 | D:6      | Reached skill level 3 in Fighting
  4329 | D:6      | Found a sparkling altar of Nemelex Xobeh.
  4610 | D:6      | Reached skill level 13 in Ranged Weapons
  4797 | D:6      | 4797 ||| READING scroll labelled EFIES SYFRILUI.
  4798 | D:6      | 4798 ||| DRINKING 2 smoky purple potions.
  4799 | D:6      | 4799 ||| DRINKING 2 ruby potions.
  4800 | D:6      | 4800 ||| READING 3 scrolls of identify.
  4800 | D:6      | 4800 ||| IDENTIFYING black potion
  4801 | D:6      | 4801 ||| READING 2 scrolls of identify.
  4801 | D:6      | 4801 ||| IDENTIFYING green potion
  4802 | D:6      | 4802 ||| DROPPING potion of berserk rage.
  4803 | D:6      | 4803 ||| DROPPING potion of brilliance.
  4860 | D:7      | 4860 ||| Stepping ~*~*~tactically~*~*~ (cloud).
  4861 | D:7      | 4861 ||| STAIRDANCE
  4919 | D:7      | 4919 ||| STAIRDANCE
  4924 | D:6      | HP: 8/46 [something (7)]
  4925 | D:6      | 4925 ||| Stepping ~*~*~tactically~*~*~ (cloud).
  5070 | D:7      | Reached skill level 14 in Ranged Weapons
  5237 | D:7      | 5237 ||| Stepping ~*~*~tactically~*~*~ (cloud).
  5242 | D:7      | Reached XP level 9. HP: 27/52 MP: 11/11
  5299 | D:7      | 5299 ||| Stepping ~*~*~tactically~*~*~ (outnumbered).
  5417 | D:7      | Noticed Maggie
  5425 | D:7      | Killed Maggie
  5575 | D:7      | Noticed a moth of wrath
  5575 | D:7      | Noticed qw's ghost (amateur DEHu)
  5581 | D:7      | Found a transporter.
  5589 | D:7      | Found a transporter.
  5627 | D:7      | Found a staircase to the Ecumenical Temple.
  5628 | D:7      | 5628 ||| PLANNING TEMPLE
  5628 | D:7      | 5628 ||| UPGRADING to +0 acid dragon scales.
  5638 | D:7      | 5638 ||| REMOVING ring of resist corrosion.
  5639 | D:7      | 5639 ||| DROPPING +0 ring mail.
  5640 | D:7      | 5640 ||| UPGRADING to ring of willpower.
  5646 | Temple   | Entered the Ecumenical Temple
  5660 | Temple   | 5660 ||| PLANNING D:1-11
  5993 | D:8      | Found a flagged portal.
  5994 | D:8      | 5994 ||| Stepping ~*~*~tactically~*~*~ (outnumbered).
  5996 | D:8      | 5996 ||| Stepping ~*~*~tactically~*~*~ (outnumbered).
  6059 | D:8      | 6059 ||| Stepping ~*~*~tactically~*~*~ (outnumbered).
  6063 | D:8      | 6063 ||| Stepping ~*~*~tactically~*~*~ (outnumbered).
  6065 | D:8      | HP: 11/52 [orc priest/divine providence (10)]
  6066 | D:8      | 6066 ||| READING 2 scrolls of teleportation.
  6067 | D:8      | 6067 ||| DRINKING potion of heal wounds.
  6068 | D:8      | 6068 ||| Stepping ~*~*~tactically~*~*~ (outnumbered).
  6203 | D:8      | Found a transporter.
  6205 | D:8      | Found a transporter.
  6209 | D:8      | Found a transporter.
  6226 | D:8      | Found a transporter.
  6306 | D:8      | Found a basalt altar of Yredelemnul.
  6306 | D:8      | Found a snail-covered altar of Cheibriados.
  6320 | D:8      | HP: 13/54 [poisoned by a water moccasin]
  6321 | D:8      | 6321 ||| READING scroll of teleportation.
  6487 | D:8      | Found a shadowy altar of Dithmenos.
  6709 | D:8      | Found an iron altar of Okawaru.
  6710 | D:8      | 6710 ||| PLANNING OKAWARU WORSHIP
  6710 | D:8      | 6710 ||| UPGRADING to +0 cloak of poison resistance.
  6715 | D:8      | 6715 ||| UPGRADING to +4 ring of protection.
  6716 | D:8      | 6716 ||| READING scroll labelled HUUCZO CUFO.
  6724 | D:8      | Became a worshipper of Warmaster Okawaru
  6725 | D:8      | 6725 ||| PLANNING D:1-11
  6779 | D:8      | Found a staircase to the Lair.
  7087 | D:8      | 7087 ||| PLANNING LAIR
  7146 | Lair:1   | Entered Level 1 of the Lair of Beasts
  7146 | Lair:1   | Noticed a cane toad
  7150 | Lair:1   | 7150 ||| STAIRDANCE
  7157 | D:8      | Killed a cane toad
  7158 | D:8      | Reached skill level 3 in Armour
  7158 | D:8      | Reached XP level 10. HP: 42/60 MP: 12/12
  7219 | Lair:1   | Found a transporter.
  7239 | Lair:1   | Reached * piety under Okawaru
  7240 | Lair:1   | Reached skill level 6 in Fighting
  7248 | Lair:1   | Reached skill level 1 in Invocations
  7255 | Lair:1   | Noticed a boulder beetle
  7256 | Lair:1   | 7256 ||| INVOKING Heroism.
  7266 | Lair:1   | Killed a boulder beetle
  7334 | Lair:1   | Reached skill level 3 in Invocations
  7365 | Lair:1   | Noticed a cane toad
  7366 | Lair:1   | 7366 ||| INVOKING Heroism.
  7372 | Lair:1   | Killed a cane toad
  7373 | Lair:1   | Reached skill level 9 in Dodging
  7515 | Lair:1   | Reached ** piety under Okawaru
  7614 | Lair:1   | Noticed an oklob plant
  7615 | Lair:1   | 7615 ||| INVOKING Heroism.
  7621 | Lair:1   | Killed an oklob plant
  7635 | Lair:1   | 7635 ||| INVOKING Heroism.
  7641 | Lair:1   | HP: 4/60 [komodo dragon (20)]
  7642 | Lair:1   | 7642 ||| READING scroll of teleportation.
  7642 | Lair:1   | Slain by a basilisk

Levels and vault maps discovered:
D:1:      dpeg_arrival_pits, layout_basic, kennysheep_doodads
D:2:      layout_basic, serial_shops, shop, basic_altar, chequers_avenue,
          st_stairs_13, minmay_misc_feat_chi
D:3:      layout_basic, mainiacjoe_overflow_24_doors, nicolae_uskayaw_en_pointe,
          nicolae_ru_sacrificial_ziggurat, serial_shops, shop, shop_fountains,
          shop, nicolae_shop_back_alley_shop, nicolae_shop_just_a_little_nook
D:4:      layout_basic, kennysheep_little_box, mainiacjoe_overflow_catwalk,
          serial_shops, shop, minmay_misc_feat_tiny, kennysheep_another_room,
          hangedman_decor_opposing, minmay_misc_feat_encased, uniq_blork_the_orc
D:5:      layout_rooms, uniq_ijyb, uniq_duvessa, uniq_sigmund
D:6:      layout_loops_cross, mainiacjoe_overflow_chevrons
D:7:      layout_cave_pools, minmay_temple_entry_butterflies,
          gammafunk_ghost_berserking_beasts, serial_column_ruins,
          column_ruins_hut_pillars, column_ruins_hut, column_ruins_grid_1,
          column_ruins_corridor_straight, column_ruins_columns_straight,
          column_ruins_columns_straight, column_ruins_columns_corner,
          column_ruins_open_small, uniq_maggie
D:8:      layout_basic, okawaru_altar_gauntlet_db, grunt_temple_overflow_open,
          lair_entry_dummy, enter_bailey_5, st_stairs_4,
          nicolae_transporter_circle
Temple:   hellmonk_temple_rainy
Lair:1:   gammafunk_worm_tunnel, layout_loops_ring

Skill      XL: |  1  2  3  4  5  6  7  8  9 10 |
---------------+-------------------------------+-----
Ranged Weapons | 6 7 8 9 10 12 14 | 14.0
Fighting       | 2 3 5 6 |  6.2
Armour         | 1 3 |  3.5
Dodging        | 3 5 8 10 | 10.1
Invocations    | 4 |  4.1
Stealth        | |  1.2

Action                     |  1- 3 |  4- 6 |  7- 9 | 10-12 || total
---------------------------+-------+-------+-------+-------++-------
   Fire: Shortbow          |   135 |   155 |   295 |    78 ||   663
 Invoke: Heroism           |       |       |       |     4 ||     4
    Use: Scroll            |     6 |     3 |     7 |     1 ||    17
         Potion            |     1 |     3 |     7 |       ||    11
 Armour: Leather armour    |    11 |    13 |       |       ||    24
         Scale mail        |       |    18 |       |       ||    18
         Ring mail         |       |     2 |    11 |       ||    13
         Acid dragon scale |       |       |     7 |    12 ||    19
  Dodge: Dodged            |    39 |    48 |    97 |    36 ||   220
  Block: Other             |       |    10 |    33 |    11 ||    54
         Reflection        |       |     1 |     1 |       ||     2

Table legend:
 A = Non-vault XP
 B = Vault XP
 C = Vault XP percentage of total XP
 D = Non-vault monster count
 E = Vault monster count
 F = Vault count percentage of total count
                 A         B        C        D         E       F
            +---------+---------+-------+---------+---------+-------
      Total |    7531 |    1232 |  14.1 |     173 |      20 |  10.4
            +---------+---------+-------+---------+---------+-------
        D:1 |      29 |       0 |   0.0 |      18 |       0 |   0.0
        D:2 |      48 |       4 |   7.7 |      14 |       2 |  12.5
        D:3 |     144 |       0 |   0.0 |      24 |       0 |   0.0
        D:4 |     295 |      96 |  24.6 |      26 |       1 |   3.7
        D:5 |     420 |     489 |  53.8 |      17 |       4 |  19.0
        D:6 |     712 |       0 |   0.0 |      16 |       0 |   0.0
        D:7 |     967 |     409 |  29.7 |      20 |       1 |   4.8
        D:8 |    1835 |     234 |  11.3 |      27 |      12 |  30.8
     Lair:1 |    3081 |       0 |   0.0 |      11 |       0 |   0.0
            +---------+---------+-------+---------+---------+-------
